AoeStats
← The1AndOnlyKarl

Black Forest

504511901Analyzed
1v1 RM · 28d ago on Sep 5, 2026· 56m 8s· 2 players
Game mode
Random Map
Map size
Tiny (2 player)
Population
200
Speed
Normal
Resources
Standard
Victory
Conquest
Starting age
Dark Age
Ending age
Imperial Age
RankedLock teamsTeams togetherTeam positionsShared explorationLock speedFull tech treeHidden civsTurbo modeCheats
Victory
Defeat
🇩🇪 Khmer · Germany
850
+16
🇪🇸 Khmer · Spain
842
-16
nilcot2
11:10 Loom
12:56 Feudal Age
16:35 Castle Age
14:39 Double-Bit Axe
16:32 Horse Collar
20:06 Wheelbarrow
19:17 Town Watch
22:15 Stone Mining
24:42 Bow Saw
25:32 Gold Mining
25:54 Heavy Plow
26:52 Gold Shaft Mining
28:06 Husbandry
29:39 Bloodlines
30:43 Hand Cart
30:11 Light Cavalry
31:06 Town Patrol
35:25 Imperial Age
35:57 Tusk Swords
36:48 Stone Shaft Mining
39:09 Crop Rotation
38:16 Onager
43:58 Chemistry
43:19 Ballistics
43:05 Siphons
43:20 Double Crossbow
42:41 Elite Ballista Elephant
43:20 Hussar
47:51 Scale Barding Armor
47:36 Fletching
47:47 Padded Archer Armor
47:57 Forging
The1AndOnlyKarl
1:10 Loom
11:56 Feudal Age
15:39 Castle Age
14:14 Double-Bit Axe
14:20 Stone Mining
14:52 Horse Collar
18:52 Bow Saw
18:43 Heavy Plow
20:07 Wheelbarrow
23:19 Gold Mining
24:34 Hand Cart
31:53 Imperial Age
31:54 Fortified Wall
32:05 Ballistics
31:57 Masonry
31:42 Murder Holes
31:55 Scale Barding Armor
32:00 Forging
31:41 Fletching
31:54 Devotion
33:14 Elite Ballista Elephant
33:55 Double Crossbow
33:57 Bodkin Arrow
34:11 Siege Engineers
34:35 Chain Barding Armor
34:51 Iron Casting
34:53 Conscription
37:04 Architecture
38:18 Town Watch
38:06 Light Cavalry
38:56 Bloodlines
38:47 Husbandry
40:59 Hoardings
41:38 Chemistry
43:14 Plate Barding Armor
42:26 Hussar
44:38 Crop Rotation
45:24 Gold Shaft Mining
47:06 Blast Furnace
Connection lost

Rejoining the realm…

Still unreachable

The connection could not be restored.

Session expired

The server has moved on; the page needs a fresh start.